 Dungeon Crawl Stone Soup version 0.28.0-47-ge53b351184 (webtiles) character file.

Game seed: 16351363040553237050

264 NinjaNoafa the Chopper (level 6, -1/55 HPs)
             Began as a Hill Orc Monk on Apr 27, 2022.
             Slain by Natasha (4 damage)
             ... on level 4 of the Dungeon.
             The game lasted 00:05:57 (3001 turns).

NinjaNoafa the Chopper (Hill Orc Monk)              Turns: 3001, Time: 00:05:58

Health: -1/55      AC: 10    Str: 16    XL:     6   Next: 19%
Magic:  6/6        EV: 11    Int: 10    God:
Gold:   129        SH:  0    Dex: 13    Spells: 5/5 levels left

rFire   + . .      SeeInvis .   a - +0 hand axe
rCold   . . .      Faith    .   (no shield)
rNeg    . . .      Spirit   .   h - +4 ring mail {rF+}
rPois   .          Reflect  .   f - +0 helmet
rElec   .          Harm     .   (no cloak)
rCorr   .          Rampage  .   (no gloves)
Will    .....                   (no boots)
Stlth   +.........              i - amulet of magic regeneration
HPRegen 0.18/turn               (no ring)
MPRegen 0.50/turn               (no ring)

@: no status effects
A: no striking features
a: no special abilities


You were on level 4 of the Dungeon.
You visited 1 branch of the dungeon, and saw 4 of its levels.

You collected 129 gold pieces.

Inventory:

Hand Weapons
 a - a +0 hand axe (weapon)
Missiles
 b - 34 stones (quivered)
Armour
 f - a +0 helmet (worn)
 h - a +4 ring mail of fire resistance (worn)
Jewellery
 i - an amulet of magic regeneration (around neck)
Wands
 c - a wand of iceblast (3)
Scrolls
 d - 2 scrolls of identify


   Skills:
 + Level 4.9 Fighting
 + Level 5.5 Axes
 + Level 3.3 Armour
 - Level 2.4 Dodging
 - Level 1.5 Stealth
 * Level 2.6 Evocations


You had 5 spell levels left.
You didn't know any spells.
Your spell library was empty.

Dungeon Overview and Level Annotations

Branches:
Dungeon (4/15)
 Temple: D:4-7

Altars:
Elyvilon
Makhleb
Uskayaw

Annotations:
D:4 Natasha


Message History

Sorry, you're not good enough to have a special ability.
Throw: 35 stones
Press: ? - help, Q - select action, (/) - cycle Shift-Dir - straight line, p - hobgoblin
Okay, then.
You aren't carrying any potions.
You are too injured to fight recklessly!
You hit the iguana.
The iguana is lightly wounded.
You barely miss Natasha. You barely miss the kobold. You hit the hobgoblin.
The iguana bites you!
* * * LOW HITPOINT WARNING * * *
The kobold barely misses you.
The hobgoblin hits you but does no damage.
Natasha mumbles some strange words.
Natasha casts a spell at you.
The magic dart hits you but does no damage.
Throw: 35 stones
Press: ? - help, Q - select action, (/) - cycle Shift-Dir - straight line, f - gnoll, p - hobgoblin
Aim: a gnoll, wielding a +0 halberd (inner flame, 63% to hit)
You throw a stone.
The stone hits the iguana but does no damage.
The iguana is lightly wounded.
The bullfrog skeleton closely misses you.
The iguana barely misses you. Natasha claws you but does no damage.
The crimson imp closely misses you.
Aiming: Iceblast
Press: ? - help, Shift-Dir - straight line, p - gnoll
Okay, then.
Natasha casts a spell.
The crimson imp summons a swarm of flies.
The shadow imp hits you.
* * * LOW HITPOINT WARNING * * *
The shadow imp gestures at you.
You barely resist.
Things that are here:
a +2 whip of freezing; a stone Natasha wildly gestures.
Natasha shimmers violently.
Natasha claws you.
You die...

... #######..
######.......
............##
##..........o#
........g55.#
###)#....(.ol.#
.#...#...(.Kg°)#
.....(.....Z.h@#
......)........#
..###)........#
#.###.<.......#
#.............#
####............
###..........
#.......#..#
......(....##


You could see an iguana, Natasha, a gnoll (inner flame), a crimson imp
(summoned), a shadow imp (summoned), 2 orcs, a hobgoblin, a kobold and a
bullfrog skeleton.

Vanquished Creatures
  An ogre (D:3)
  A water moccasin skeleton (D:3)
  A hound (D:3)
  Terence (D:2)
  3 gnolls (D:4)
  3 worms
  4 dart slugs
  An orc (D:4)
  2 ball pythons (D:1)
  6 bats
  3 endoplasms
  A giant cockroach (D:1)
  3 hobgoblins (D:1)
  4 quokkas
  2 goblins (D:3)
  7 kobolds
  3 rats
46 creatures vanquished.

Notes
Turn   | Place    | Note
-------+----------+-------------------------------------------
     0 | D:1      | NinjaNoafa the Hill Orc Monk began the quest for the Orb.
     0 | D:1      | Reached XP level 1. HP: 19/19 MP: 1/1
   307 | D:1      | Reached skill level 1 in Armour
   389 | D:1      | Reached XP level 2. HP: 19/27 MP: 2/2
   642 | D:1      | Found a faded altar of an unknown god.
  1419 | D:2      | Noticed Terence
  1443 | D:2      | Killed Terence
  1444 | D:2      | Reached XP level 3. HP: 20/33 MP: 3/3
  1667 | D:2      | Reached XP level 4. HP: 38/40 MP: 4/4
  1915 | D:3      | Reached skill level 1 in Evocations
  2252 | D:3      | Found a white marble altar of Elyvilon.
  2309 | D:3      | Reached XP level 5. HP: 45/47 MP: 5/5
  2397 | D:3      | Noticed an ogre
  2418 | D:3      | Killed an ogre
  2419 | D:3      | Reached skill level 5 in Axes
  2481 | D:3      | Found a burning altar of Makhleb.
  2520 | D:3      | Reached XP level 6. HP: 53/55 MP: 6/6
  2735 | D:3      | Found a hide-covered altar of Uskayaw.
  2988 | D:4      | Noticed Natasha
  2999 | D:4      | HP: 2/55 [shadow imp[Natasha] (3)]
  3001 | D:4      | Slain by Natasha

Illustrated notes

Levels and vault maps discovered:
D:1:      heliophobic_arrival_dark_side_of_the_moon, layout_loops_ring,
          hellmonk_ecumenical_altar_leap_of_faith, fountainhead
D:2:      layout_basic, minmay_tetromino_s4, uniq_terence
D:3:      layout_basic, lemuel_doored_altar, mainiacjoe_overflow_boulevard,
          elyvilon_altar_4
D:4:      layout_rooms, pdpol_temple_overflow_zin_treasury_gozag_greed,
          mainiacjoe_overflow_alcove_4, minmay_goblin_kobold_house, uniq_natasha

Skill      XL: |  1  2  3  4  5 |
---------------+----------------+-----
Armour         | 1 2 3 |  3.3
Fighting       | 4 |  4.9
Evocations     | 1 2 |  2.6
Axes           | 5 |  5.5
Dodging        | |  2.4
Stealth        | |  1.5

Action                   |  1- 3 |  4- 6 || total
-------------------------+-------+-------++-------
Melee: Hand axe          |    90 |    76 ||   166
       Punch             |     1 |       ||     1
Throw: Stone             |       |    12 ||    12
       Dart              |       |     4 ||     4
Evoke: Wand              |       |     2 ||     2
  Use: Potion            |     3 |     1 ||     4
       Scroll            |       |     9 ||     9
 Stab: Sleeping          |     2 |       ||     2
Armor: Robe              |     6 |       ||     6
       Ring mail         |    24 |    58 ||    82
       Chain mail        |     1 |       ||     1
Dodge: Dodged            |    48 |    64 ||   112
